TEX
ARKANSAS TRAVELERS @ CORPUS CHRISTI HOOKS
04/17/2099
 
TOP OF THE 1ST
Arkansas Travelers batting - Pitching for Corpus Christi Hooks : RHP Paul DeGrazia
Pitching: RHP Paul DeGrazia
Batting: RHB Jason Southerland 0-0: Ball
1-0: Ball
2-0: Swinging Strike
2-1: Fly out, F7 (Flyball, 78S, EV 89.4 MPH)
Batting: LHB Matt Johansen 0-0: Ball
1-0: Called Strike
1-1: Fly out, F8 (Flyball, 8RD, EV 85.6 MPH)
Batting: SHB Jonathan Paszek 0-0: Ball
1-0: Ball
2-0: Called Strike
2-1: Ball
3-1: Called Strike
3-2: Base on Balls
Batting: RHB Bob Poor 0-0: Ball
1-0: Called Strike
1-1: Fly out, F7 (Line Drive, 78M, EV 102.5 MPH)
Top of the 1st over - 0 runs, 0 hits, 0 errors, 1 left on base; Arkansas 0 - Corpus Christi 0
BOTTOM OF THE 1ST
Corpus Christi Hooks batting - Pitching for Arkansas Travelers : LHP Joe Mullins
Pitching: LHP Joe Mullins
Batting: LHB Malik Lindsey 0-0: Called Strike
0-1: Ball
1-1: Ball
2-1: Swinging Strike
2-2: Strikes out swinging
Batting: RHB David Warren 0-0: Ball
1-0: Ball
2-0: Called Strike
2-1: Ball
3-1: Fly out, F8 (Flyball, 8LD, EV 97.5 MPH)
Batting: RHB Chad Boston 0-0: Called Strike
0-1: Swinging Strike
0-2: Strikes out swinging
Bottom of the 1st over - 0 runs, 0 hits, 0 errors, 0 left on base; Arkansas 0 - Corpus Christi 0
TOP OF THE 2ND
Arkansas Travelers batting - Pitching for Corpus Christi Hooks : RHP Paul DeGrazia
Batting: LHB Adrian Ellis 0-0: Called Strike
0-1: Foul Ball, location: 7LMF
0-2: Ball
1-2: Ball
2-2: Ball
3-2: Foul Ball, location: 3DF
3-2: SINGLE (Flyball, 56D, EV 99.4 MPH)
Batting: RHB Jonathan Baynham 0-0: Ball
1-0: Called Strike
1-1: Foul Ball, location: 9LMF
1-2: Fly out, F8 (Flyball, 8RS, EV 91.3 MPH)
Batting: RHB Chris Phillips 0-0: Ball
1-0: Foul Ball, location: 7LDF
1-1: Called Strike
1-2: Ball
2-2: Foul Ball, location: 23F
2-2: Strikes out swinging
Batting: RHB Jason Glennon 0-0: Called Strike
0-1: Ball
1-1: Swinging Strike
1-2: Fly out, F8 (Flyball, 8LD, EV 95.0 MPH)
Top of the 2nd over - 0 runs, 1 hit, 0 errors, 1 left on base; Arkansas 0 - Corpus Christi 0
BOTTOM OF THE 2ND
Corpus Christi Hooks batting - Pitching for Arkansas Travelers : LHP Joe Mullins
Batting: RHB Curtis Wilbur 0-0: Called Strike
0-1: Ball
1-1: SINGLE (Groundball, 34D, EV 96.9 MPH)
Batting: LHB Jesse Boal 0-0: Ball
1-0: Foul Ball, location: 2F
1-1: Foul Ball, location: 2F
1-2: Grounds into double play, 4-6-3 (Groundball, 4, EV 84.4 MPH)
Batting: RHB Edwin Cardenas 0-0: Ball
1-0: Ground out 6-3 (Groundball, 56, EV 82.5 MPH)
Bottom of the 2nd over - 0 runs, 1 hit, 0 errors, 0 left on base; Arkansas 0 - Corpus Christi 0
TOP OF THE 3RD
Arkansas Travelers batting - Pitching for Corpus Christi Hooks : RHP Paul DeGrazia
Batting: RHB Cody Murray 0-0: Ball
1-0: Ball
2-0: SINGLE (Groundball, 4MD, EV 96.9 MPH)
Batting: RHB Jason Southerland 0-0: Called Strike
0-1: Called Strike
0-2: Ball
1-2: Grounds into double play, 6-4-3 (Groundball, 6, EV 92.5 MPH)
Batting: LHB Matt Johansen 0-0: Ball
1-0: Foul Ball, location: 3F
1-1: Called Strike
1-2: Strikes out swinging
Top of the 3rd over - 0 runs, 1 hit, 0 errors, 0 left on base; Arkansas 0 - Corpus Christi 0
BOTTOM OF THE 3RD
Corpus Christi Hooks batting - Pitching for Arkansas Travelers : LHP Joe Mullins
Batting: RHB Andres Munguia 0-0: Ball
1-0: Swinging Strike
1-1: Called Strike
1-2: SINGLE (Line Drive, 56, EV 95.6 MPH)
Batting: RHB Danny Nunez 0-0: Ball
1-0: Called Strike
1-1: Fly out, F3 (Popup, 3F, EV 65.6 MPH)
Batting: RHB Dave Alley 0-0: Called Strike
0-1: Ball
1-1: Ball
2-1: Ball
3-1: Base on Balls
Andres Munguia to second
Batting: LHB Malik Lindsey 0-0: Called Strike
0-1: Ball
1-1: Foul Ball, location: 5F
1-2: Ball
2-2: Ball
3-2: Foul Ball, location: 2RF
3-2: Foul Ball, location: 25F
3-2: Fly out, F8 (Flyball, 8LD, EV 108.8 MPH)
Batting: RHB David Warren 0-0: Called Strike
0-1: Swinging Strike
0-2: Ball
1-2: Strikes out swinging
Bottom of the 3rd over - 0 runs, 1 hit, 0 errors, 2 left on base; Arkansas 0 - Corpus Christi 0
TOP OF THE 4TH
Arkansas Travelers batting - Pitching for Corpus Christi Hooks : RHP Paul DeGrazia
Batting: SHB Jonathan Paszek 0-0: Ball
1-0: Called Strike
1-1: Swinging Strike
1-2: Ball
2-2: Foul Ball, location: 2F
2-2: Foul Ball, location: 2F
2-2: Ball
3-2: Foul Ball, location: 2F
3-2: Base on Balls
Batting: RHB Bob Poor 0-0: Called Strike
0-1: Fly out, F8 (Flyball, 8LM, EV 76.3 MPH)
Batting: LHB Adrian Ellis 0-0: Ball
1-0: Foul Ball, location: 2F
1-1: Foul Ball, location: 25F
1-2: Fly out, F9 (Flyball, 9, EV 95.6 MPH)
Batting: RHB Jonathan Baynham 0-0: Foul Ball, location: 9LSF
0-1: Fly out, F8 (Flyball, 89S, EV 87.5 MPH)
Top of the 4th over - 0 runs, 0 hits, 0 errors, 1 left on base; Arkansas 0 - Corpus Christi 0
BOTTOM OF THE 4TH
Corpus Christi Hooks batting - Pitching for Arkansas Travelers : LHP Joe Mullins
Batting: RHB Chad Boston 0-0: Ball
1-0: Ball
2-0: Fly out, F8 (Line Drive, 8LM, EV 83.8 MPH)
Batting: RHB Curtis Wilbur 0-0: Called Strike
0-1: Ball
1-1: Foul Ball, location: 2F
1-2: Foul Ball, location: 9LDF
1-2: Ball
2-2: Fly out, F4 (Line Drive, 4, EV 71.9 MPH)
Batting: LHB Jesse Boal 0-0: SINGLE (Line Drive, 3D, EV 105.6 MPH)
Batting: RHB Edwin Cardenas 0-0: Fielders Choice at 2nd, 4-6 (Groundball, 4MD, EV 106.3 MPH)
Bottom of the 4th over - 0 runs, 1 hit, 0 errors, 1 left on base; Arkansas 0 - Corpus Christi 0
TOP OF THE 5TH
Arkansas Travelers batting - Pitching for Corpus Christi Hooks : RHP Paul DeGrazia
Batting: RHB Chris Phillips 0-0: Ball
1-0: Ball
2-0: Ball
3-0: Called Strike
3-1: Called Strike
3-2: Strikes out swinging
Batting: RHB Jason Glennon 0-0: Ball
1-0: Called Strike
1-1: Ball
2-1: Swinging Strike
2-2: Strikes out looking
Batting: RHB Cody Murray 0-0: Ball
1-0: Fly out, F4 (Popup, 34S, EV 84.4 MPH)
Top of the 5th over - 0 runs, 0 hits, 0 errors, 0 left on base; Arkansas 0 - Corpus Christi 0
BOTTOM OF THE 5TH
Corpus Christi Hooks batting - Pitching for Arkansas Travelers : LHP Joe Mullins
Batting: RHB Andres Munguia 0-0: Swinging Strike
0-1: Called Strike
0-2: Ball
1-2: Ball
2-2: Ball
3-2: Ground out 4-3 (Groundball, 4, EV 86.3 MPH)
Batting: RHB Danny Nunez 0-0: Ground out 5-3 (Groundball, 56, EV 108.8 MPH)
Batting: RHB Dave Alley 0-0: Ball
1-0: Called Strike
1-1: Swinging Strike
1-2: Foul Ball, location: 9LMF
1-2: Ball
2-2: Strikes out looking
Bottom of the 5th over - 0 runs, 0 hits, 0 errors, 0 left on base; Arkansas 0 - Corpus Christi 0
TOP OF THE 6TH
Arkansas Travelers batting - Pitching for Corpus Christi Hooks : RHP Paul DeGrazia
Batting: RHB Jason Southerland 0-0: Ball
1-0: Fly out, F8 (Line Drive, 8LD, EV 93.1 MPH)
Batting: LHB Matt Johansen 0-0: Ball
1-0: Ball
2-0: SINGLE (Line Drive, 9S, EV 102.5 MPH)
Batting: SHB Jonathan Paszek 0-0: Fly out, F8 (Flyball, 8RXD, EV 98.1 MPH)
Batting: RHB Bob Poor 0-0: Called Strike
0-1: Ball
1-1: Foul Ball, location: 5F
1-2: Strikes out swinging
Top of the 6th over - 0 runs, 1 hit, 0 errors, 1 left on base; Arkansas 0 - Corpus Christi 0
BOTTOM OF THE 6TH
Corpus Christi Hooks batting - Pitching for Arkansas Travelers : LHP Joe Mullins
Batting: LHB Malik Lindsey 0-0: Fly out, F8 (Flyball, 8LXD, EV 92.5 MPH)
Batting: RHB David Warren 0-0: Ball
1-0: Ball
2-0: Ground out 6-3 (Groundball, 6, EV 98.8 MPH)
Batting: RHB Chad Boston 0-0: Called Strike
0-1: Swinging Strike
0-2: Foul Ball, location: 2F
0-2: Ball
1-2: Ball
2-2: Strikes out swinging
Bottom of the 6th over - 0 runs, 0 hits, 0 errors, 0 left on base; Arkansas 0 - Corpus Christi 0
TOP OF THE 7TH
Arkansas Travelers batting - Pitching for Corpus Christi Hooks : RHP Paul DeGrazia
Batting: LHB Adrian Ellis 0-0: Called Strike
0-1: Ball
1-1: Ball
2-1: Ball
3-1: Swinging Strike
3-2: Strikes out swinging
Batting: RHB Jonathan Baynham 0-0: Called Strike
0-1: Ball
1-1: Called Strike
1-2: SOLO HOME RUN (Flyball, 7LD, EV 93.8 MPH), Distance : 335 ft
Batting: RHB Chris Phillips 0-0: Called Strike
0-1: Called Strike
0-2: Ground out 6-3 (Groundball, P, EV 88.8 MPH)
Batting: RHB Jason Glennon 0-0: Ball
1-0: Ball
2-0: Swinging Strike
2-1: Swinging Strike
2-2: Strikes out swinging
Top of the 7th over - 1 run, 1 hit, 0 errors, 0 left on base; Arkansas 1 - Corpus Christi 0
BOTTOM OF THE 7TH
Corpus Christi Hooks batting - Pitching for Arkansas Travelers : LHP Joe Mullins
Now at 1B: Sean Donahue
Now in LF: Jonathan Baynham
Now in RF: Nate Voit
Batting: RHB Curtis Wilbur 0-0: Ball
1-0: Foul Ball, location: 2RF
1-1: Foul Ball, location: 9LSF
1-2: Fly out, F9 (Flyball, 9, EV 101.3 MPH)
Batting: LHB Jesse Boal 0-0: Called Strike
0-1: Ball
1-1: Ball
2-1: Called Strike
2-2: SINGLE (Groundball, 3L, EV 77.5 MPH)
Batting: RHB Edwin Cardenas 0-0: Ball
1-0: Ball
Wild Pitch!
Jesse Boal to second
2-0: Called Strike
2-1: Ball
3-1: Base on Balls
Batting: RHB Andres Munguia 0-0: Called Strike
0-1: Ball
1-1: Ball
2-1: Ball
3-1: Base on Balls
Jesse Boal to third
Edwin Cardenas to second
Batting: RHB Danny Nunez 0-0: Called Strike
0-1: SINGLE (Flyball, 7LS, EV 93.8 MPH)
Jesse Boal scores
Edwin Cardenas to third
Andres Munguia to second
Batting: RHB Dave Alley 0-0: Fly out, F4 (Popup, 34, EV 68.1 MPH)
Batting: LHB Malik Lindsey 0-0: Ball
1-0: Ball
2-0: Called Strike
2-1: Foul Ball, location: 2F
2-2: Ball
3-2: Base on Balls
Edwin Cardenas scores
Andres Munguia to third
Danny Nunez to second
Batting: RHB David Warren 0-0: Ball
1-0: Foul Ball, location: 2F
1-1: Ball
2-1: Ball
3-1: Base on Balls
Andres Munguia scores
Danny Nunez to third
Malik Lindsey to second
Pitching: RHP Josh Reed
Batting: RHB Chad Boston 0-0: Called Strike
0-1: Ball
1-1: Foul Ball, location: 2F
1-2: Fielders Choice at 2nd, 6-4 (Groundball, 6, EV 103.8 MPH)
Bottom of the 7th over - 3 runs, 2 hits, 0 errors, 3 left on base; Arkansas 1 - Corpus Christi 3
TOP OF THE 8TH
Arkansas Travelers batting - Pitching for Corpus Christi Hooks : RHP Paul DeGrazia
Batting: RHB Cody Murray 0-0: Ball
1-0: Foul Ball, location: 25FF
1-1: Swinging Strike
1-2: Strikes out looking
Batting: RHB Jason Southerland 0-0: Ball
1-0: Ball
2-0: SINGLE (Groundball, 5S, EV 70.0 MPH) (infield hit)
Pitching: RHP Walt McGinn
Batting: LHB Matt Johansen 0-0: Called Strike
0-1: Ball
1-1: Ball
2-1: SINGLE (Groundball, 34S, EV 68.1 MPH) (infield hit)
Jason Southerland to second
Batting: SHB Jonathan Paszek 0-0: Ball
1-0: Ball
2-0: Ball
3-0: Grounds into double play, 4-6-3 (Groundball, 4, EV 88.1 MPH)
Top of the 8th over - 0 runs, 2 hits, 0 errors, 1 left on base; Arkansas 1 - Corpus Christi 3
BOTTOM OF THE 8TH
Corpus Christi Hooks batting - Pitching for Arkansas Travelers : RHP Josh Reed
Batting: RHB Curtis Wilbur 0-0: Called Strike
0-1: Ball
1-1: Ball
2-1: Ball
3-1: Called Strike
3-2: Foul Ball, location: 2F
3-2: Base on Balls
Batting: LHB Jesse Boal 0-0: Called Strike
0-1: Fielders Choice at 2nd, 5-4 (Groundball, 56S, EV 91.9 MPH)
Batting: RHB Edwin Cardenas 0-0: Fielders Choice at 2nd, 3-6 (Groundball, 3, EV 85.0 MPH)
Batting: RHB Andres Munguia 0-0: Called Strike
0-1: Ball
1-1: Fly out, F7 (Flyball, 7D, EV 104.4 MPH)
Bottom of the 8th over - 0 runs, 0 hits, 0 errors, 1 left on base; Arkansas 1 - Corpus Christi 3
TOP OF THE 9TH
Arkansas Travelers batting - Pitching for Corpus Christi Hooks : RHP Walt McGinn
Batting: RHB Sean Donahue 0-0: Fly out, F7 (Flyball, 7, EV 94.4 MPH)
Pinch Hitting: SHB Rich Orellana 0-0: Called Strike
0-1: Foul Ball, location: 9LSF
0-2: Ground out 3-1 (Groundball, 13, EV 84.4 MPH)
Batting: RHB Jonathan Baynham 0-0: Ball
1-0: Ball
2-0: Foul Ball, location: 2F
2-1: Ball
3-1: Base on Balls
Batting: RHB Chris Phillips 0-0: Called Strike
0-1: Foul Ball, location: 2F
0-2: Foul Ball, location: 3SF
0-2: Foul Ball, location: 2F
0-2: Foul Ball, location: 9LMF
0-2: Ball
1-2: Ball
2-2: Ball
3-2: 2-RUN HOME RUN (Flyball, 78XD, EV 101.9 MPH), Distance : 402 ft
Batting: RHB Jason Glennon 0-0: Ball
1-0: Ball
2-0: Foul Ball, location: 9LDF
2-1: Ball
3-1: Foul Ball, location: 5F
3-2: Base on Balls
Pinch Hitting: RHB Rich Gonzales 0-0: Called Strike
0-1: Foul Ball, location: 2F
0-2: Foul Ball, location: 2F
0-2: Ball
1-2: Ball
2-2: Foul Ball, location: 7LSF
2-2: Foul Ball, location: 2F
2-2: Strikes out swinging
Top of the 9th over - 2 runs, 1 hit, 0 errors, 1 left on base; Arkansas 3 - Corpus Christi 3
BOTTOM OF THE 9TH
Corpus Christi Hooks batting - Pitching for Arkansas Travelers : RHP Josh Reed
Now at C: Josh Murry
Now in RF: Adam Scott
Pinch Hitting: SHB Mike Carpenter 0-0: Called Strike
0-1: Ball
1-1: Foul Ball, location: 7LDF
1-2: SINGLE (Line Drive, 7S, EV 103.8 MPH)
Batting: RHB Dave Alley 0-0: Bunted foul
0-1: Bunted foul
0-2: SINGLE (Line Drive, 8LS, EV 90.0 MPH)
Mike Carpenter to second
Pinch Runner at 2nd Donovan Miller:
Batting: LHB Malik Lindsey 0-0: Ball
1-0: Ground out 6-3 (Groundball, 4MS, EV 68.1 MPH)
Donovan Miller to third
Dave Alley to second
Batting: RHB David Warren 0-0: Ball
1-0: Ball
2-0: SINGLE (Groundball, 3, EV 97.5 MPH) (infield hit)
Donovan Miller scores
Bottom of the 9th over - 1 run, 3 hits, 0 errors, 2 left on base; Arkansas 3 - Corpus Christi 4
Friday, May 3rd , 2024 - OOTP Baseball 24.11 Build 85